 Dungeon Crawl Stone Soup version 0.17.1-2-g5865329 (webtiles) character file.

38066 Kostja the Zephyrmancer (level 13, -2/110 HPs)
             Began as a Mottled Draconian Air Elementalist on Jan 15, 2016.
             Was a High Priest of Qazlal.
             Slain by a vault guard
             ... wielding a +0 great mace
              (16 damage)
             ... on level 13 of the Dungeon on Jan 16, 2016.
             The game lasted 07:25:45 (35752 turns).

Kostja the Zephyrmancer (DrAE)                     Turns: 35752, Time: 07:25:45

Health: -2/110     AC:  8    Str: 17    XL:     13   Next: 61%
Magic:  0/22       EV: 17    Int: 18    God:    Qazlal [*****.]
Gold:   202        SH:  6    Dex: 17    Spells: 9 memorised, 3 levels left

rFire  . . .     SeeInvis .     v - +3 whip (venom)
rCold  . . .     Clarity  .     (armour unavailable)
rNeg   . . .     SustAt   .     (no shield)
rPois  +         Gourm    .     (helmet restricted)
rElec  .         Spirit   .     o - +0 cloak
rCorr  +         Warding  .     w - +2 pair of gloves
rMut   .         Stasis   .     (no boots)
MR     .....                    P - amulet of resist corrosion
Stlth  +.........               n - ring of poison resistance
                                d - +4 ring of dexterity

@: mighty, corroded equipment, deflect missiles, not resistant to hostile
enchantments, very unstealthy
A: breathe sticky flame splash, unfitting armour, antennae 1, hooves 1, blurry
vision 1, low mp 2, wild magic 1, cold-blooded, MP-powered wands, AC +8
a: Breathe Sticky Flame, Upheaval, Elemental Force, Disaster Area, Renounce
Religion


You were on level 13 of the Dungeon.
You worshipped Qazlal.
Qazlal was extremely pleased with you.
You were hungry.

You visited 3 branches of the dungeon, and saw 16 of its levels.

You collected 937 gold pieces.
You spent 735 gold pieces at shops.

Inventory:

Hand Weapons
 s - a +1 whip of freezing
 v - a +3 whip of venom (weapon)
 L - a +3 dire flail
 M - a +4 whip
Armour
 o - a +0 cloak (worn)
 w - a +2 pair of gloves (worn)
 C - a +0 hat
Jewellery
 d - a +4 ring of dexterity (left hand)
 n - a ring of poison resistance (right hand)
 E - an uncursed amulet of clarity
 P - an amulet of resist corrosion (around neck)
Wands
 f - a wand of teleportation (7)
Scrolls
 c - 2 scrolls of blinking
 e - 11 scrolls of remove curse
 m - a scroll of fear
 p - a scroll of teleportation
 r - a scroll of fog
 y - a scroll of amnesia
 z - 2 scrolls of recharging
 B - a scroll of torment {unknown}
 F - a scroll of enchant weapon
 Q - a scroll of summoning {unknown}
Potions
 g - 2 potions of flight
 j - a potion of mutation
 k - 3 potions of curing
 l - 2 potions of might
 q - 3 potions of haste
 t - 2 potions of lignification
 A - 3 potions of invisibility
 G - a potion of heal wounds
 H - a potion of cancellation
 I - a potion of berserk rage
 J - a potion of ambrosia
 K - a potion of resistance
 O - a potion of beneficial mutation
Books
 a - a book of Air

   Spells                             Type                      Level
   a - Shock                          Conjuration/Air              1
   b - Swiftness                      Charms/Air                   2
   c - Repel Missiles                 Charms/Air                   2
   d - Static Discharge               Conjuration/Air              3
   e - Lightning Bolt                 Conjuration/Air              5
 i - a book of Enchantments

   Spells                             Type                      Level
   a - Cause Fear                     Hexes                        4
   b - Silence                        Hexes/Air                    5
   c - Deflect Missiles               Charms/Air                   6
   d - Haste                          Charms                       6
   e - Discord                        Hexes                        8
 x - a book of Clouds

   Spells                             Type                      Level
   a - Mephitic Cloud                 Conjuration/Poison/Air       3
   b - Conjure Flame                  Conjuration/Fire             3
   c - Poisonous Cloud                Conjuration/Poison/Air       6
   d - Freezing Cloud                 Conjuration/Ice/Air          6
   e - Ring of Flames                 Charms/Fire                  7
Comestibles
 b - 13 bread rations
 h - 6 meat rations
 u - 3 chunks of flesh


   Skills:
 + Level 8.8 Fighting
 + Level 7.5 Maces & Flails
 + Level 7.6 Dodging
 - Level 1.7 Stealth
 * Level 10.5 Spellcasting
 + Level 8.0 Conjurations
 - Level 4.4 Charms
 + Level 7.2 Fire Magic
 * Level 11.6 Air Magic


You had 3 spell levels left.
You knew the following spells:

 Your Spells              Type           Power        Failure   Level  Hunger
a - Shock                 Conj/Air       ####         1%          1    None
b - Repel Missiles        Chrm/Air       ######       2%          2    None
c - Swiftness             Chrm/Air       ######..     2%          2    None
d - Static Discharge      Conj/Air       ######..     2%          3    None
e - Lightning Bolt        Conj/Air       ######....   9%          5    #####..
f - Silence               Hex/Air        #####.....   38%         5    #####..
g - Conjure Flame         Conj/Fire      ######..     3%          3    None
h - Mephitic Cloud        Conj/Pois/Air  #####...     4%          3    None
i - Deflect Missiles      Chrm/Air       ######....   61%         6    ######.


Dungeon Overview and Level Annotations

Branches:
Dungeon (13/15)            Temple (1/1) D:7            Lair (2/8) D:9
    Orc (0/4) D:11
 Vaults: D:13-14

Altars:
Ashenzari
Cheibriados
Dithmenos
Elyvilon
Fedhas
Gozag
Kikubaaqudgha
Makhleb
Nemelex Xobeh
Okawaru
Qazlal
Ru
Sif Muna
Trog
Vehumet
Xom
Yredelemnul
Zin
The Shining One

Shops:
D:11 *

Annotations:
Lair:2 Fannar


Innate Abilities, Weirdness & Mutations

You can spit globs of burning liquid.
You can ignite nearby creatures when you spit burning liquid.
Your weird mottled scales are hard (AC +8).
Your body does not fit into most forms of armour.
You are cold-blooded and may be slowed by cold attacks.
You have a pair of small antennae on your head.
You have large cloven feet.
Scrolls take you a little longer to read.
Your magical capacity is very low (-20% MP).
Your spells are a little harder to cast, but a little more powerful.
You expend magic power (3 MP) to strengthen your wands.


Message History

[Y]es or [N]o only, please.
Really read with blurry vision while enemies are nearby? [Y]es or [N]o only, please.
Really read with blurry vision while enemies are nearby? [Y]es or [N]o only, please.
Really read with blurry vision while enemies are nearby? [Y]es or [N]o only, please.
Really read with blurry vision while enemies are nearby?
You hear a shout!
The caustic shrike barely misses you.
You hear a shout!
You begin reading the scroll.
You continue reading the scroll.
You are no longer corroded.
The caustic shrike claws you!!
You are splashed with acid!
The acid burns!
You resist. The caustic shrike claws you!!
* * * LOW HITPOINT WARNING * * *
You are splashed with acid!
The acid corrodes you!
The acid burns!
You resist.
* * * LOW HITPOINT WARNING * * *
The vault guard hits you with a great mace!
You die...

#.#..# #####
#.#..... #%...}#p
#.# .#... #%....'
#.# .# .. #..⌠..'
#.# # . #..%.. #.##
# #....{ {{{ #..#
#..##''p########[<#
#.......{p@b§§....#
#.......#########.#
######### #.# #.#
#.. ###


You could see a caustic shrike (confused), a vault guard and a human.

Vanquished Creatures
  A yaktaur captain (D:8)
  2 hydras
  The ghost of Bubs the Skirmisher, a novice DsAK of Lugonu (D:9)
  Sonja (D:11)
  2 unseen horrors
  6 hill giants
  An orc knight (D:11)
  A griffon (D:12)
  3 ugly things
  7 wizards (D:10)
  The ghost of Miyamura the Sneak, a novice OpAK of Lugonu (D:6)
  An elephant (D:9)
  A gargoyle (D:12)
  5 spiny frogs (Lair:1)
  A black mamba (Lair:1)
  A centaur skeleton (D:13)
  3 komodo dragons (Lair:1)
  4 trolls
  Prince Ribbit (D:6)
  3 slime creatures (D:13)
  9 blink frogs
  32 yaks
  Sigmund (D:2)
  A vampire (D:11)
  A trapdoor spider (D:13)
  2 wraiths
  2 deep elf magi
  8 humans
  8 hippogriffs
  4 hungry ghosts
  2 wolves (Lair:1)
  4 vampire mosquitoes (D:12)
  A soldier ant (D:13)
  A mottled dragon (D:13)
  4 porcupines
  4 water moccasins (Lair:1)
  11 orc warriors
  2 black bears
  4 boggarts (D:10)
  8 ice beasts
  3 phantoms
  5 centaurs
  3 wasps
  8 ogres
  6 crocodiles
  12 giant frogs
  2 big kobolds
  A gnoll sergeant (D:8)
  A wyvern skeleton (D:8)
  A water moccasin zombie (D:6)
  4 scorpions
  A water moccasin skeleton (D:7)
  13 killer bees (D:11)
  6 wights (D:8)
  3 quasits
  9 orc priests
  6 crimson imps
  A giant frog zombie (D:11)
  A centaur zombie (D:11)
  3 giant frog skeletons
  Ijyb (D:1)
  17 orc wizards
  A jelly (D:9)
  12 hounds
  5 iguanas
  8 worker ants
  3 hound zombies
  A hound skeleton (D:7)
  2 worker ant zombies
  16 gnolls
  13 adders
  7 river rats (Lair:2)
  4 shadow imps
  An ooze (D:3)
  An adder skeleton (D:8)
  3 adder zombies
  6 worms
  6 giant geckos
  64 orcs
  3 giant cockroaches
  8 goblins
  7 hobgoblins
  8 jackals
  2 quokkas
  A ball python (D:2)
  9 bats
  2 giant gecko zombies
  5 giant newts
  A jackal skeleton (D:4)
  18 kobolds
  10 rats
  4 fungi
493 creatures vanquished.

Vanquished Creatures (others)
  A ball lightning (D:10)
  An ice beast (D:8)
  An ogre (D:8)
  A crocodile (D:8)
  A hound (D:8)
  2 gnolls (D:8)
  An orc (D:8)
  A plant (Lair:1)
9 creatures vanquished.

Grand Total: 502 creatures vanquished

Notes
Turn   | Place    | Note
--------------------------------------------------------------
     0 | D:1      | Kostja the Draconian Air Elementalist began the quest for the Orb.
     0 | D:1      | Reached XP level 1. HP: 14/14 MP: 3/3
   356 | D:1      | Gained mutation: Scrolls take you a little longer to read. [potion of mutation]
   356 | D:1      | Gained mutation: You have a pair of small antennae on your head. [potion of mutation]
   498 | D:1      | You fall through a shaft!
   550 | D:2      | Reached XP level 2. HP: 1/22 MP: 1/5
   597 | D:2      | Learned a level 2 spell: Repel Missiles
   600 | D:2      | Learned a level 2 spell: Swiftness
  1727 | D:2      | Noticed Sigmund
  2026 | D:1      | Reached XP level 3. HP: 24/27 MP: 0/7
  2363 | D:2      | Reached skill level 1 in Fighting
  2364 | D:2      | Noticed Ijyb
  2555 | D:1      | Killed Ijyb
  2555 | D:1      | Reached XP level 4. HP: 6/35 MP: 0/8
  2836 | D:1      | Learned a level 3 spell: Static Discharge
  3616 | D:2      | Found a deep blue altar of Sif Muna.
  3618 | D:2      | Found an iron altar of Okawaru.
  3964 | D:2      | Reached XP level 5. HP: 27/40 MP: 4/9
  4950 | D:3      | Reached skill level 1 in Charms
  5066 | D:3      | Reached skill level 1 in Maces & Flails
  5614 | D:3      | Found a sacrificial altar of Ru.
  5876 | D:3      | Reached XP level 6. HP: 44/48 MP: 2/11
  5887 | D:3      | Reached skill level 4 in Air Magic
  7419 | D:4      | Found a blossoming altar of Fedhas.
  7438 | D:5      | Entered Level 5 of the Dungeon
  7571 | D:4      | Your scales start taking on a weird mottled colour.
  7571 | D:4      | Reached XP level 7. HP: 48/56 MP: 0/12
  8508 | D:5      | Reached skill level 5 in Air Magic
  8515 | D:5      | Learned a level 5 spell: Lightning Bolt
  9124 | D:6      | Reached XP level 8. HP: 32/63 MP: 2/15
  9471 | D:2      | Killed Sigmund
  9664 | D:6      | Reached skill level 5 in Spellcasting
  9981 | D:6      | Noticed Miyamura's ghost (novice OpAK)
  9994 | D:6      | Killed Miyamura's ghost
  9994 | D:6      | Reached skill level 6 in Air Magic
 10242 | D:6      | Found a sacrificial altar of Ru.
 10256 | D:6      | Noticed Prince Ribbit
 10394 | D:6      | Reached XP level 9. HP: 27/71 MP: 3/17
 10607 | D:6      | Killed Prince Ribbit
 10662 | D:6      | Learned a level 5 spell: Silence
 10957 | D:6      | Found a deep blue altar of Sif Muna.
 11653 | D:6      | Found a sparkling altar of Nemelex Xobeh.
 11654 | D:6      | Found an opulent altar of Gozag.
 12495 | D:7      | Reached skill level 5 in Fighting
 12495 | D:7      | Reached skill level 7 in Air Magic
 12636 | D:7      | Found a staircase to the Ecumenical Temple.
 12650 | Temple   | Entered the Ecumenical Temple
 12702 | Temple   | Became a worshipper of Qazlal Stormbringer
 13977 | D:8      | Reached XP level 10. HP: 63/81 MP: 2/19
 14387 | D:8      | Reached * piety under Qazlal
 14604 | D:8      | Learned a level 3 spell: Conjure Flame
 14683 | D:8      | Reached skill level 5 in Dodging
 15316 | D:8      | Found a blossoming altar of Fedhas.
 15575 | D:9      | Noticed Bubs's ghost (novice DsAK)
 15672 | D:8      | Reached skill level 1 in Fire Magic
 15672 | D:8      | Reached skill level 8 in Air Magic
 15986 | D:9      | Reached skill level 5 in Conjurations
 16176 | D:9      | Noticed an elephant
 17294 | D:9      | Killed an elephant
 17621 | D:9      | Found a staircase to the Lair.
 17844 | D:9      | Found a bloodstained altar of Trog.
 17845 | D:9      | Found a snail-covered altar of Cheibriados.
 17960 | Lair:1   | Entered Level 1 of the Lair of Beasts
 17976 | Lair:1   | Reached skill level 5 in Maces & Flails
 18511 | D:8      | Noticed a yaktaur captain
 19290 | D:8      | Reached ** piety under Qazlal
 19449 | Lair:1   | Noticed a black mamba
 19469 | Lair:1   | Killed a black mamba
 19469 | Lair:1   | Reached XP level 11. HP: 89/89 MP: 5/22
 19938 | Lair:1   | Reached skill level 9 in Air Magic
 20799 | Lair:1   | Noticed a six-headed hydra
 20807 | Lair:1   | Killed a six-headed hydra
 21006 | D:9      | Killed Bubs's ghost
 22395 | Lair:1   | Learned a level 3 spell: Mephitic Cloud
 23130 | Lair:2   | Reached skill level 10 in Air Magic
 23222 | Lair:1   | Reached XP level 12. HP: 98/100 MP: 10/24
 23505 | Lair:2   | Reached *** piety under Qazlal
 23520 | Lair:2   | Noticed Fannar
 23783 | D:8      | Killed a yaktaur captain
 23783 | D:8      | Reached skill level 5 in Fire Magic
 23940 | D:10     | Entered Level 10 of the Dungeon
 26988 | D:10     | Learned a level 6 spell: Deflect Missiles
 26996 | D:10     | Gained mutation: Your magical capacity is low (-10% MP). [mutagenic glow]
 27053 | D:10     | Gained mutation: You expend magic power (3 MP) to strengthen your wands. [mutagenic glow]
 27085 | D:10     | Gained mutation: Your spells are a little harder to cast, but a little more powerful. [mutagenic glow]
 27115 | D:10     | Gained mutation: You have large cloven feet. [mutagenic glow]
 27165 | D:10     | Gained mutation: Your magical capacity is very low (-20% MP). [mutagenic glow]
 28685 | D:11     | Found a staircase to the Orcish Mines.
 28837 | D:11     | Noticed Sonja
 28930 | D:11     | Killed Sonja
 29501 | D:11     | Found Cufue's Assorted Antiques.
 29527 | D:11     | Bought 2 potions of invisibility for 560 gold pieces
 29527 | D:11     | Bought a scroll of fog for 70 gold pieces
 29527 | D:11     | Bought a potion of curing for 105 gold pieces
 29557 | D:10     | Reached **** piety under Qazlal
 29723 | D:11     | Reached skill level 11 in Air Magic
 30743 | D:11     | Reached XP level 13. HP: 83/107 MP: 12/21
 31010 | D:12     | Reached skill level 10 in Spellcasting
 33228 | D:12     | Found a basalt altar of Yredelemnul.
 34688 | D:13     | Reached ***** piety under Qazlal
 35453 | D:13     | Noticed an azure jelly
 35732 | D:13     | Noticed a caustic shrike
 35752 | D:13     | Slain by a vault guard

Action                   |  1- 3 |  4- 6 |  7- 9 | 10-12 | 13-15 || total
-------------------------+-------+-------+-------+-------+-------++-------
Melee: Club              |    88 |     6 |       |       |       ||    94
       Flail             |       |    88 |       |       |       ||    88
       Whip              |       |    33 |    59 |   131 |    76 ||   299
 Fire: Hunting sling     |     4 |       |       |       |       ||     4
 Cast: Shock             |    64 |   188 |   259 |   563 |   197 ||  1271
       Repel Missiles    |     2 |     1 |     2 |     2 |       ||     7
       Swiftness         |     2 |     3 |     1 |     7 |     1 ||    14
       Static Discharge  |       |     7 |    39 |    94 |    53 ||   193
       Lightning Bolt    |       |       |     6 |    69 |    18 ||    93
       Conjure Flame     |       |       |       |    22 |    16 ||    38
       Mephitic Cloud    |       |       |       |    96 |    32 ||   128
       Silence           |       |       |       |     2 |       ||     2
       Deflect Missiles  |       |       |       |     1 |     1 ||     2
Invok: Upheaval          |       |       |       |       |     1 ||     1
 Abil: Breathe Sticky Fl |       |       |    26 |    72 |    27 ||   125
  Use: Potion            |     2 |     3 |     2 |     3 |     4 ||    14
       Scroll            |     1 |       |     4 |    11 |     2 ||    18
 Stab: Sleeping          |       |     2 |     1 |       |       ||     3
       Distracted        |       |     1 |       |       |       ||     1
       Confused          |       |       |       |     6 |     3 ||     9
  Eat: Chunk             |     6 |    16 |    29 |    70 |    15 ||   136
       Fruit             |       |       |     2 |    15 |       ||    17
       Pizza             |       |       |     1 |     1 |       ||     2
       Beef jerky        |       |       |       |     3 |     1 ||     4
       Royal jelly       |       |       |       |     2 |     1 ||     3
       Meat ration       |       |       |       |       |     2 ||     2
